 Dungeon Crawl Stone Soup version 0.14-a0-1773-ge500af7 (webtiles) character file.

151 ReteAZ the Stinger (level 4, -1/27 HPs)
             Began as an Octopode Venom Mage on Jan 7, 2014.
             Slain by a jackal (2 damage)
             ... on Level 2 of the Dungeon.
             The game lasted 00:07:50 (1211 turns).

ReteAZ the Stinger (Octopode Venom Mage)            Turns: 1211, Time: 00:07:50

HP  -1/27        AC  1     Str  7      XL: 4   Next: 44%
MP   0/7         EV 12     Int 18      God:
Gold 68          SH  0     Dex 12      Spells:  1 memorised,  6 levels left

rFire  . . .     SeeInvis .     (no weapon)
rCold  . . .     Clarity  .     (no shield)
rNeg   . . .     Conserve .     (helmet restricted)
rPois  .         rCorr    .     (no amulet)
rElec  .         rRot     .     i - cursed ring of teleportation
SustAb . .       Spirit   .     (no ring)
rMut   .         Warding  .     (no ring)
Saprov . . .     RndTele  +     (no ring)
                                (no ring)
                                (no ring)
                                (no ring)
                                (no ring)

@: very slightly contaminated, slightly resistant to hostile enchantments, quite
stealthy
A: almost no armour, amphibious, 8 rings, constrict 8, camouflage 1, gelatinous
body 1
a: Evoke Teleportation


You were on level 2 of the Dungeon.
You were not hungry.

You visited 1 branch of the dungeon, and saw 2 of its levels.

You collected 68 gold pieces.

Inventory:

Missiles
 a - 2 darts (quivered)
Magical devices
 d - a wand of teleportation (6)
Comestibles
 c - a bread ration
 k - a chunk of jackal flesh
Scrolls
 e - 2 scrolls of enchant weapon II {unknown}
 g - a scroll of remove curse {unknown}
 h - 2 scrolls of teleportation {unknown}
Jewellery
 i - a cursed ring of teleportation (left tentacle)
Books
 b - a Young Poisoner's Handbook

   Spells                             Type                      Level
   *Sting                             Conjuration/Poison           1
   Cure Poison                        Poison                       2
   Mephitic Cloud                     Conjuration/Poison/Air       3
   Olgreb's Toxic Radiance            Poison                       4
   Venom Bolt                         Conjuration/Poison           5


   Skills:
 - Level 2.0 Dodging
 - Level 2.6 Stealth
 + Level 2.1 Spellcasting
 * Level 6.8 Poison Magic


You had 6 spell levels left.
You knew the following spells:

 Your Spells              Type           Power        Failure   Level  Hunger
a - Sting                 Conj/Pois      ##..         6%          1    #......


Dungeon Overview and Level Annotations

Branches:
Dungeon (2/16)

Altars:


Innate Abilities, Weirdness & Mutations

You cannot wear most types of armour.
You are amphibious.
You can wear up to eight rings at the same time.
You can use your tentacles to constrict many enemies at once.
Your skin changes colour to match your surroundings (Stlth).
Your rubbery body absorbs attacks (AC +1).


Message History

You barely miss the jackal. Your grab misses the jackal.
The jackal is heavily wounded.
The jackal misses you.
Casting: Sting
Confirm with . or Enter, or press ? or * to list all spells.
Aiming: Sting
Press: ? - help, Shift-Dir - straight line, f/p - jackal
Aim: a jackal (heavily wounded)
You miscast Sting.
You are very lightly contaminated with residual magic.
Nothing appears to happen.
The jackal barely misses you. The jackal closely misses you.
The jackal bites you.
* * * LOW HITPOINT WARNING * * *
You see here a hand axe.
Drink which item? (? for menu, Esc to quit)
You feel refreshed.
It was a potion of restore abilities.
The jackal bites you.
* * * LOW HITPOINT WARNING * * *
The jackal bites you.
You die...

#......)..(.#...
#........<..# ..
#........)..#
#..........##
#####.######
#...# ###.###
#...# ##@######
#.h.....#
#...[...#
#>......#
#.......#
#.......#
#.......#
#...%...+
#.......#


You could see a jackal.

Vanquished Creatures
  Jessica (D:2)
  2 adders (D:2)
  A giant mite (D:1)
  A giant gecko (D:1)
  A ball python (D:1)
  4 bats (D:1)
  A giant cockroach (D:2)
  7 hobgoblins
  6 jackals
  3 kobolds (D:1)
  3 giant newts
  3 goblins
  4 rats (D:1)
37 creatures vanquished.

Notes
Turn   | Place    | Note
--------------------------------------------------------------
     0 | D:1      | ReteAZ, the Octopode Venom Mage, began the quest for the Orb.
     0 | D:1      | Reached XP level 1. HP: 11/11 MP: 3/3
    55 | D:1      | Reached skill level 5 in Poison Magic
   325 | D:1      | Reached XP level 2. HP: 17/17 MP: 1/4
   793 | D:1      | Reached XP level 3. HP: 19/21 MP: 3/6
   816 | D:1      | Reached skill level 6 in Poison Magic
  1050 | D:2      | Noticed Jessica
  1057 | D:2      | Killed Jessica
  1057 | D:2      | Reached XP level 4. HP: 24/27 MP: 3/7
  1208 | D:2      | HP: 1/27 [jackal (2)]
  1211 | D:2      | Slain by a jackal

Action                   |  1- 3 |  4- 6 || total
-------------------------+-------+-------++-------
Melee: Unarmed           |    25 |     7 ||    32
 Cast: Sting             |    50 |    16 ||    66
  Use: Potion            |       |     1 ||     1
